 Dungeon Crawl Stone Soup version 0.26.1-11-gd32895ea62 (webtiles) character file.

Game seed: 5416609638077512526

131 seveneves the Covered (level 4, 0/40 HPs)
             Began as a Minotaur Fighter on July 22, 2021.
             Slain by a frilled lizard (1 damage)
             ... on level 3 of the Dungeon.
             The game lasted 00:09:59 (1908 turns).

seveneves the Covered (Minotaur Fighter)            Turns: 1908, Time: 00:09:59

Health: 0/40       AC:  0    Str: 21    XL:     4   Next: 91%
Magic:  3/3        EV:  8    Int: 11    God:
Gold:   99         SH:  9    Dex: 10    Spells: 3/3 levels left

rFire    . . .     SeeInvis .   e - +4 short sword
rCold    . . .     Faith    .   c - +0 kite shield
rNeg     . . .     Spirit   .   b - +0 scale mail
rPois    .         Reflect  .   (helmet restricted)
rElec    .         Harm     .   (no cloak)
rCorr    .         Rampage  .   (no gloves)
Will     .....                  (no boots)
Stlth    ..........             (no amulet)
HPRegen  0.13/turn              k - +6 ring of intelligence
MPRegen  0.08/turn              (no ring)

@: corroded
A: retaliatory headbutt, horns 2
a: no special abilities


You were on level 3 of the Dungeon.
You visited 1 branch of the dungeon, and saw 3 of its levels.

You collected 99 gold pieces.

Inventory:

Hand Weapons
 a - a +1 long sword
 e - a +4 short sword (weapon)
Armour
 b - a +0 scale mail (worn)
 c - a +0 kite shield (worn)
Jewellery
 k - a +6 ring of intelligence (left hand)
Scrolls
 g - a scroll of identify
 j - a scroll of teleportation
 l - a scroll of remove curse {unknown}
 m - a scroll of enchant weapon
 n - a scroll of noise {unknown}
Potions
 d - 2 potions of might
 f - a potion of berserk rage {unknown}
 h - a potion of brilliance {unknown}
 i - a potion of heal wounds {unknown}


   Skills:
 + Level 4.3 Fighting
 + Level 1.1(2.1) Short Blades
 + Level 3.0(3.2) Long Blades
 + Level 5.0 Armour
 + Level 1.1 Dodging
 + Level 4.4 Shields


You had 3 spell levels left.
You didn't know any spells.
Your spell library was empty.

Dungeon Overview and Level Annotations

Branches:
Dungeon (3/15)

Altars:
Kikubaaqudgha
Zin
The Shining One


Innate Abilities, Weirdness & Mutations

You reflexively headbutt those who attack you in melee.
You have a pair of horns on your head.


Message History

You hit the jelly. The acid corrodes you!
Your hands burn!
The jelly is heavily wounded.
The frilled lizard bites you but does no damage.
The jelly hits you.
You are splashed with acid!
* * * LOW HITPOINT WARNING * * *
You hit the jelly but do no damage. The acid corrodes you!
Your hands burn!
* * * LOW HITPOINT WARNING * * *
You headbutt the jelly!
You kill the jelly!
The frilled lizard bites you.
* * * LOW HITPOINT WARNING * * *
Your base Short Blades skill increases to level 1!
Your Armour skill increases to level 5!
You barely miss the frilled lizard. The frilled lizard bites you.
* * * LOW HITPOINT WARNING * * *
Unknown command.
You barely miss the frilled lizard.
You headbutt the frilled lizard, but do no damage.
The frilled lizard bites you.
You die...

.# #.. #.# #.#
#. #.##
....####..####.
...............
# #..#####..
#.##.@.......
#..<<$l.=##..
#..............
#.##...........
# #.......####
#.....>.#
#.......#
#.......#
.........


You could see a frilled lizard.

Vanquished Creatures
  A jelly (D:3)
  A hound skeleton (D:3)
  Robin (D:2)
  A gnoll (D:1)
  A worm (D:2)
  3 dart slugs (D:2)
  A leopard gecko (D:1)
  3 giant cockroaches
  15 goblins
  4 hobgoblins
  9 kobolds
  A quokka (D:2)
  A ball python (D:2)
  6 bats
  3 frilled lizards (D:1)
  7 rats
58 creatures vanquished.

Notes
Turn   | Place    | Note
-------+----------+-------------------------------------------
     0 | D:1      | seveneves the Minotaur Fighter began the quest for the Orb.
     0 | D:1      | Reached XP level 1. HP: 19/19 MP: 0/0
    78 | D:1      | Reached XP level 2. HP: 24/27 MP: 1/1
   180 | D:1      | Reached skill level 4 in Armour
   572 | D:1      | Reached XP level 3. HP: 32/33 MP: 2/2
  1035 | D:2      | Found a glowing silver altar of Zin.
  1169 | D:2      | Found a glowing golden altar of the Shining One.
  1494 | D:2      | Found an ancient bone altar of Kikubaaqudgha.
  1551 | D:2      | Noticed Robin
  1560 | D:2      | Reached XP level 4. HP: 39/40 MP: 3/3
  1563 | D:2      | Killed Robin
  1901 | D:3      | Reached skill level 1 in Dodging
  1907 | D:3      | Reached skill level 1 in Short Blades
  1907 | D:3      | Reached skill level 5 in Armour
  1907 | D:3      | HP: 1/40 [frilled lizard (3)]
  1908 | D:3      | Slain by a frilled lizard

Illustrated notes

Levels and vault maps discovered:
D:1:      co_arrival_random_square_maze, layout_basic, minmay_split_cup_small
D:2:      layout_loops_corners, overflow_temple_1_default,
          general_overflow_altar, zin_academy, minmay_pentomino_z2, uniq_robin
D:3:      corexii_shack_village, layout_loops_ring, fedhas_altar_1

Skill      XL: |  1  2  3  4 |
---------------+-------------+-----
Fighting       | 4 |  4.3
Armour         | 4 5 |  5.0
Shields        | 4 |  4.4
Long Blades    | 3 |  3.0
Dodging        | 1 |  1.1
Short Blades   | 1 |  1.1

Action                   |  1- 3 |  4- 6 || total
-------------------------+-------+-------++-------
Melee: Long sword        |    39 |       ||    39
       Headbutt          |    14 |     9 ||    23
       Short sword       |    55 |    27 ||    82
  Use: Scroll            |     4 |     1 ||     5
Armor: Scale mail        |    47 |    12 ||    59
Dodge: Dodged            |    29 |     5 ||    34
Block: Kite shield       |    43 |    12 ||    55
       Rpst.: Long sword |     4 |       ||     4
